[Event "World Prestigious University 2019"]
[Site "Tianjin"]
[Date "2019.11.26"]
[Round "1.1"]
[White "Daniel, Karim Abbas"]
[Black "TannerAustin, McNamara"]
[Result "1-0"]
[WhiteElo "2251"]
[BlackElo "1983"]
[PlyCount "117"]
[EventDate "2019.11.26"]
[EventType "team-tourn"]
[EventCountry "CHN"]
[TimeControl "1500+10"]
[WhiteClock "0:00:45"]
[BlackClock "0:00:55"]

1. e4 e5 2. Nf3 Nc6 3. Bc4 Nf6 4. d3 Bc5 5. O-O d6 6. c3 O-O 7. Bb3 h6 8. h3 Bb6 9. Nbd2 Ne7 10. Re1 Ng6 11. Nf1 Be6 12. Ng3 Qd7 13. Bxe6 fxe6 14. d4 exd4 15. cxd4 Rae8 16. Be3 e5 17. a4 exd4 18. Bxd4 Ne5 19. Nh4 Bxd4 20. Qxd4 Nc6 21. Qd2 Qf7 22. b4 Qc4 23. Rac1 Qxb4 24. Qxb4 Nxb4 25. Rxc7 Rf7 26. Rxf7 Kxf7 27. Nhf5 Rd8 28. Rb1 a5 29. Rd1 d5 30. e5 Nd7 31. Nd6+ Ke6 32. f4 Nc5 33. Ngf5 Rxd6 34. Nxd6 Nxa4 35. Nxb7 Nc3 36. Rf1 a4 37. Nc5+ Ke7 38. Kf2 a3 39. Rc1 d4 40. Kf3 a2 41. Nb3 Nd3 42. Ra1 Nb4 43. Nxd4 Nb1 44. Nb3 Ke6 45. Nc1 Nc3 46. g4 Kd5 47. Ne2 Nb1 48. Nc1 Nc3 49. Nxa2 Nbxa2 50. Re1 Ke6 51. f5+ Ke7 52. Ra1 Kd7 53. h4 Kc6 54. f6 gxf6 55. exf6 Kd7 56. Re1 Nb5 57. f7 Nd4+ 58. Kg2 Ne6 59. Rxe6 1-0

[Event "World Prestigious University 2019"]
[Site "Tianjin"]
[Date "2019.11.26"]
[Round "1.2"]
[White "Lei, Sean"]
[Black "Mihov, Filip"]
[Result "0-1"]
[WhiteElo "1895"]
[BlackElo "2191"]
[PlyCount "84"]
[EventDate "2019.11.26"]
[EventType "team-tourn"]
[EventCountry "CHN"]
[TimeControl "1500+10"]
[WhiteClock "0:04:01"]
[BlackClock "0:00:20"]

1. e4 e6 2. d4 d5 3. Nc3 dxe4 4. Nxe4 Nf6 5. Bg5 Be7 6. Bxf6 gxf6 7. Nf3 f5 8. Ned2 b6 9. Bb5+ c6 10. Bd3 Nd7 11. Ne5 Nxe5 12. dxe5 Qd4 13. Qe2 Qxb2 14. O-O Bb7 15. Nc4 Qc3 16. a4 Rd8 17. Rab1 Qd4 18. Rfd1 Qg4 19. f3 Qg5 20. Nd6+ Bxd6 21. exd6 Qf4 22. Bc4 Rxd6 23. g3 Rxd1+ 24. Rxd1 Qh6 25. Qe5 O-O 26. Qc7 Ba8 27. Rd8 c5 28. f4 Be4 29. Qe7 Rxd8 30. Qxd8+ Kg7 31. c3 Qf6 32. Qd2 h6 33. Kf2 Qe7 34. Be2 Qb7 35. Qd1 Qd5 36. Qc1 Bd3 37. Bf3 Qa2+ 38. Ke3 Bc4 39. g4 fxg4 40. Qg1 h5 41. Bxg4 hxg4 42. Qxg4+ Kf8 0-1

[Event "World Prestigious University 2019"]
[Site "Tianjin"]
[Date "2019.11.26"]
[Round "1.4"]
[White "Grigory, Oparin"]
[Black "Li, Ethan"]
[Result "1-0"]
[WhiteElo "2660"]
[BlackElo "2209"]
[PlyCount "93"]
[EventDate "2019.11.26"]
[EventType "team-tourn"]
[EventCountry "CHN"]
[TimeControl "1500+10"]
[WhiteClock "0:01:13"]
[BlackClock "0:05:11"]

1. d4 Nf6 2. c4 e6 3. Nf3 d5 4. g3 dxc4 5. Bg2 Bd7 6. Ne5 Bc6 7. Nxc6 Nxc6 8. O-O Qd7 9. e3 O-O-O 10. Nd2 e5 11. Nxc4 exd4 12. Qa4 Kb8 13. Bxc6 Qxc6 14. Qxc6 bxc6 15. Ne5 Rd5 16. Nxc6+ Kb7 17. Nxd4 Bc5 18. Nf3 Rhd8 19. b4 Be7 20. Bb2 Ne8 21. Rab1 Bf6 22. Bxf6 Nxf6 23. Rfc1 Ng4 24. Nd4 Ne5 25. Kg2 g6 26. a4 h5 27. b5 Nd7 28. Rc6 Rc5 29. a5 Ka8 30. Ra6 Nb8 31. Rf6 Rd7 32. h4 Re7 33. Rd1 a6 34. bxa6 Rxa5 35. Rb1 Rc5 36. Rb2 Ka7 37. Kf1 Rd7 38. Ke2 Ka8 39. Kf3 Re7 40. Ke2 Rd7 41. f3 Ka7 42. g4 hxg4 43. fxg4 c6 44. Rb7+ Rxb7 45. axb7 Kxb7 46. Rxf7+ Kb6 47. Rg7 1-0

[Event "World Prestigious University 2019"]
[Site "Tianjin"]
[Date "2019.11.26"]
[Round "1.7"]
[White "Fernandez, Daniel Howard"]
[Black "Bibby, Simon"]
[Result "1/2-1/2"]
[WhiteElo "2444"]
[BlackElo "2167"]
[PlyCount "68"]
[EventDate "2019.11.26"]
[EventType "team-tourn"]
[EventCountry "CHN"]
[TimeControl "1500+10"]
[WhiteClock "0:02:11"]
[BlackClock "0:01:27"]

1. e4 c5 2. Nf3 Nc6 3. Bb5 g6 4. O-O Bg7 5. Re1 e5 6. Bxc6 dxc6 7. d3 Bg4 8. Nbd2 Nf6 9. h3 Bxf3 10. Nxf3 Qc7 11. Be3 b6 12. Qd2 h6 13. a4 a5 14. Rad1 Rd8 15. Qc1 g5 16. h4 g4 17. Nd2 Nh5 18. g3 Nf4 19. Nf1 Ne6 20. c3 h5 21. Bg5 f6 22. Be3 Kf7 23. Qc2 Rd6 24. Bc1 Rhd8 25. Ne3 Qd7 26. Nf5 Rxd3 27. Rxd3 Qxd3 28. Qb3 Bf8 29. Qxb6 c4 30. Qxc6 Bc5 31. Qb7+ Rd7 32. Qc8 Rd8 33. Qb7+ Rd7 34. Qc8 Rd8 1/2-1/2

[Event "World Prestigious University 2019"]
[Site "Tianjin"]
[Date "2019.11.26"]
[Round "1.8"]
[White "Hirao, Satoshi"]
[Black "Behar, Joshua"]
[Result "1/2-1/2"]
[WhiteElo "1958"]
[BlackElo "1974"]
[PlyCount "90"]
[EventDate "2019.11.26"]
[EventType "team-tourn"]
[EventCountry "CHN"]
[TimeControl "1500+10"]
[WhiteClock "0:00:16"]
[BlackClock "0:00:48"]

1. e4 e6 2. d4 d5 3. Nc3 Nf6 4. Bg5 dxe4 5. Nxe4 Be7 6. Bxf6 gxf6 7. Nf3 Nd7 8. Qd2 b6 9. O-O-O Bb7 10. Qf4 f5 11. Nc3 Bd6 12. Qe3 O-O 13. Kb1 Qf6 14. Nb5 Rfd8 15. Bd3 Kh8 16. Rhe1 Rg8 17. g3 f4 18. Qe2 fxg3 19. Ne5 Bxe5 20. dxe5 Qxf2 21. Qh5 Qxh2 22. Qxf7 Rg7 23. Qxe6 g2 24. Rg1 Qxe5 25. Qh3 Nc5 26. Nc3 Nxd3 27. cxd3 Re8 28. Ne4 Bxe4 29. dxe4 Qxe4+ 30. Ka1 Qe2 31. Qc3 Kg8 32. Qb3+ Kf8 33. a3 c5 34. Qd5 Rg4 35. Qf5+ Kg8 36. Rd7 Rg7 37. Rxg7+ Kxg7 38. Qg5+ Kh8 39. Rxg2 Qe1+ 40. Ka2 Qe6+ 41. Ka1 Qe1+ 42. Ka2 Qe5 43. Qd2 Qe6+ 44. b3 a5 45. a4 Qe5 1/2-1/2

[Event "World Prestigious University 2019"]
[Site "Tianjin"]
[Date "2019.11.26"]
[Round "1.10"]
[White "Theodorou, Nikolas"]
[Black "Wang, Yue"]
[Result "1/2-1/2"]
[WhiteElo "2555"]
[BlackElo "2674"]
[PlyCount "35"]
[EventDate "2019.11.26"]
[EventType "team-tourn"]
[EventCountry "CHN"]
[TimeControl "1500+10"]
[WhiteClock "0:12:27"]
[BlackClock "0:16:02"]

1. d4 Nf6 2. c4 e6 3. g3 d5 4. Bg2 dxc4 5. Nf3 c6 6. Ne5 Bb4+ 7. Nc3 Nd5 8. O-O O-O 9. Qc2 Nb6 10. Ne4 f5 11. Ng5 Qxd4 12. Bf4 Be7 13. Ngf3 Qc5 14. Be3 Qb4 15. Bd2 Qc5 16. Be3 Qb4 17. Bd2 Qc5 18. Be3 1/2-1/2

[Event "World Prestigious University 2019"]
[Site "Tianjin"]
[Date "2019.11.26"]
[Round "1.11"]
[White "Li, Yankai"]
[Black "Chandra, Akshat"]
[Result "0-1"]
[WhiteElo "2432"]
[BlackElo "2524"]
[PlyCount "148"]
[EventDate "2019.11.26"]
[EventType "team-tourn"]
[EventCountry "CHN"]
[TimeControl "1500+10"]
[WhiteClock "0:01:02"]
[BlackClock "0:00:40"]

1. e4 e5 2. Nf3 Nc6 3. Bb5 Nf6 4. Nc3 Bb4 5. O-O O-O 6. d3 Bxc3 7. bxc3 d6 8. Re1 h6 9. h3 Bd7 10. d4 Re8 11. Bd3 Na5 12. c4 exd4 13. Nxd4 c5 14. Nf5 Bxf5 15. exf5 Nc6 16. Bb2 Ne5 17. Bf1 Qc7 18. Qd2 Rad8 19. Qf4 Re7 20. Re3 Rde8 21. Rae1 Kf8 22. Bc3 Ned7 23. Rxe7 Rxe7 24. Rxe7 Kxe7 25. g4 Ne5 26. Qe3 Kf8 27. f4 Nc6 28. g5 hxg5 29. fxg5 Nd7 30. Bg2 Nde5 31. Bd5 Ne7 32. f6 gxf6 33. gxf6 Nxd5 34. cxd5 Ng6 35. h4 Qd7 36. Qg3 Qf5 37. Qxd6+ Kg8 38. Qb8+ Kh7 39. Qxb7 Qg4+ 40. Kf2 Qxh4+ 41. Ke3 Qf4+ 42. Ke2 Qc4+ 43. Kd2 Qf4+ 44. Kd1 Qf3+ 45. Kc1 Qxc3 46. Qxf7+ Kh6 47. Qe6 Nf4 48. Qf5 Qe1+ 49. Kb2 Qb4+ 50. Kc1 Ne2+ 51. Kd1 Nc3+ 52. Kc1 Nxa2+ 53. Kd1 Nc3+ 54. Kc1 Ne2+ 55. Kd1 Nc3+ 56. Kc1 Qd4 57. Qf3 Na2+ 58. Kb1 Nc3+ 59. Kc1 Na2+ 60. Kb1 Nc3+ 61. Kc1 Ne4 62. Qh3+ Kg6 63. Qg4+ Kxf6 64. Qf4+ Kg6 65. Qg4+ Ng5 66. Qd7 Qa1+ 67. Kd2 Qd4+ 68. Kc1 Nf7 69. Qe6+ Kg7 70. Qd7 a5 71. Kb1 a4 72. Ka2 Qc4+ 73. Ka3 Qb4+ 74. Ka2 a3 0-1

[Event "World Prestigious University 2019"]
[Site "Tianjin"]
[Date "2019.11.26"]
[Round "1.12"]
[White "Derakhshani, Dorsa"]
[Black "Xiao, Yiyi"]
[Result "1-0"]
[WhiteElo "2277"]
[BlackElo "2306"]
[PlyCount "91"]
[EventDate "2019.11.26"]
[EventType "team-tourn"]
[EventCountry "CHN"]
[TimeControl "1500+10"]
[WhiteClock "0:00:42"]
[BlackClock "0:01:11"]

1. e4 e5 2. Nf3 Nc6 3. Nc3 Nf6 4. d4 Bb4 5. Nxe5 Qe7 6. Qd3 Nxe5 7. dxe5 Qxe5 8. Bd2 O-O 9. f3 d6 10. O-O-O Bd7 11. g4 Bc6 12. Kb1 a5 13. h4 Rfe8 14. g5 Nh5 15. Bh3 Nf4 16. Bxf4 Qxf4 17. Ne2 Qe5 18. Nd4 Bc5 19. Nf5 a4 20. a3 Ra6 21. Ne3 Bb5 22. Qxb5 Rb6 23. Nc4 Rxb5 24. Nxe5 Rxe5 25. Bd7 c6 26. Rd3 Kf8 27. Kc1 Ke7 28. Bf5 g6 29. f4 gxf5 30. fxe5 fxe4 31. exd6+ Bxd6 32. Re1 Bf4+ 33. Kd1 f5 34. gxf6+ Kxf6 35. Rxe4 Kf5 36. Rxa4 Be5 37. b3 h5 38. Rf3+ Kg6 39. Re4 Rd5+ 40. Rd3 Kf5 41. Rb4 Rxd3+ 42. cxd3 b5 43. a4 Bc3 44. Re4 bxa4 45. bxa4 c5 46. Ke2 1-0

[Event "World Prestigious University 2019"]
[Site "Tianjin"]
[Date "2019.11.26"]
[Round "1.13"]
[White "Isakov, Michael"]
[Black "Green, Michael L"]
[Result "0-1"]
[WhiteElo "2162"]
[BlackElo "2073"]
[PlyCount "70"]
[EventDate "2019.11.26"]
[EventType "team-tourn"]
[EventCountry "CHN"]
[TimeControl "1500+10"]
[WhiteClock "0:00:37"]
[BlackClock "0:03:05"]

1. d4 Nf6 2. Nf3 c5 3. d5 e6 4. c4 exd5 5. cxd5 d6 6. Nc3 g6 7. e4 Bg7 8. Bd3 O-O 9. h3 a6 10. a4 Re8 11. O-O Nbd7 12. Bf4 Qc7 13. Qd2 Rb8 14. Rae1 c4 15. Bb1 b5 16. axb5 axb5 17. Nd4 Ba6 18. b4 cxb3 19. Bd3 Nc5 20. Bxb5 Nfxe4 21. Nxe4 Rxe4 22. Rxe4 Nxe4 23. Qd3 Bxd4 24. Bxa6 Bxf2+ 25. Kh2 f5 26. Rb1 Qe7 27. Rxb3 Rxb3 28. Qxb3 g5 29. Qb8+ Kg7 30. Qb2+ Kg6 31. Qh8 gxf4 32. Bc8 Qe5 33. Qg8+ Kh6 34. Qf8+ Qg7 35. Qxf5 Bg3+ 0-1

[Event "World Prestigious University 2019"]
[Site "Tianjin"]
[Date "2019.11.26"]
[Round "1.14"]
[White "Zhong, Wei"]
[Black "Lu, Andrew H"]
[Result "0-1"]
[WhiteElo "1804"]
[BlackElo "2071"]
[PlyCount "90"]
[EventDate "2019.11.26"]
[EventType "team-tourn"]
[EventCountry "CHN"]
[TimeControl "1500+10"]
[WhiteClock "0:00:43"]
[BlackClock "0:00:24"]

1. e4 c5 2. Ne2 d6 3. Nbc3 Nf6 4. g3 g6 5. Bg2 Bg7 6. d3 Nc6 7. O-O O-O 8. h3 Rb8 9. f4 Nd7 10. Nd5 e6 11. Ne3 b5 12. c3 Ba6 13. Kh2 Qc7 14. Rf2 b4 15. c4 f5 16. Qa4 Bb7 17. Rb1 Nd4 18. Qd1 Nb6 19. Rf1 a5 20. b3 Rbe8 21. Nc2 Nxe2 22. Qxe2 e5 23. fxe5 Bxe5 24. Bf4 d5 25. Rbe1 Bxf4 26. Rxf4 fxe4 27. Rxf8+ Rxf8 28. dxe4 dxe4 29. Bxe4 Bxe4 30. Qxe4 Rf2+ 31. Kh1 Qxg3 32. Qe6+ Kg7 33. Qe7+ Kh6 34. Qe3+ Qxe3 35. Nxe3 Rxa2 36. Ng4+ Kg5 37. Re5+ Kf4 38. Re6 Nd7 39. Nf6 Kf5 40. Nxd7 Kxe6 41. Nxc5+ Ke5 42. Na4 Ra3 43. Nc5 Kf4 44. Ne6+ Kg3 45. Nd4 Ra1# 0-1

[Event "World Prestigious University 2019"]
[Site "Tianjin"]
[Date "2019.11.26"]
[Round "1.15"]
[White "Papanek, Ella"]
[Black "Serbanescu, Diana-Maria"]
[Result "0-1"]
[WhiteElo "1777"]
[BlackElo "1990"]
[PlyCount "128"]
[EventDate "2019.11.26"]
[EventType "team-tourn"]
[EventCountry "CHN"]
[TimeControl "1500+10"]
[WhiteClock "0:02:44"]
[BlackClock "0:02:03"]

1. d4 d6 2. c4 Nf6 3. Nc3 g6 4. e4 Bg7 5. Nge2 e5 6. dxe5 dxe5 7. Qxd8+ Kxd8 8. Bg5 c6 9. O-O-O+ Kc7 10. h3 Be6 11. b3 Nbd7 12. Be3 Rhe8 13. g4 h5 14. gxh5 Nxh5 15. Rg1 b6 16. Ng3 Nf4 17. Nf5 Bf6 18. Nd6 Rh8 19. Rg3 Be7 20. c5 Nxc5 21. Nc4 Nd7 22. Nxe5 Nh5 23. Nxd7 Bxd7 24. Rf3 Be6 25. Bd4 Rhd8 26. Ba6 f6 27. e5 f5 28. Kb2 Rd7 29. Rfd3 Rad8 30. Kc2 Nf4 31. R3d2 Nxh3 32. a4 Ng5 33. Be3 Rxd2+ 34. Rxd2 Rxd2+ 35. Bxd2 Nf3 36. Bf4 Nd4+ 37. Kb2 g5 38. Be3 Nxb3 39. Ne2 Nc5 40. Bxc5 Bxc5 41. f3 f4 42. Nc3 Bd4 43. Kc2 Bxe5 44. Ne4 g4 45. fxg4 Bxg4 46. Kd2 Bf5 47. Ng5 Bf6 48. Nf3 Kd6 49. Bf1 Kc5 50. Ne1 Kb4 51. Nd3+ Bxd3 52. Bxd3 Kxa4 53. Be4 c5 54. Kc2 Kb4 55. Bd5 b5 56. Kd3 Be5 57. Ke4 Bc7 58. Ba2 c4 59. Kd4 a5 60. Bb1 Bb6+ 61. Ke4 Be3 62. Bc2 Kc3 63. Bd1 a4 64. Kf3 a3 0-1

[Event "World Prestigious University 2019"]
[Site "Tianjin"]
[Date "2019.11.26"]
[Round "1.16"]
[White "Weichao, Chu"]
[Black "Kukhmazov, Arsen"]
[Result "0-1"]
[WhiteElo "2423"]
[BlackElo "2377"]
[PlyCount "91"]
[EventDate "2019.11.26"]
[EventType "team-tourn"]
[EventCountry "CHN"]
[TimeControl "1500+10"]
[WhiteClock "0:02:50"]
[BlackClock "0:02:20"]

1. Nf3 d5 2. g3 c6 3. Bg2 Bf5 4. O-O e6 5. d3 h6 6. c4 dxc4 7. dxc4 Qxd1 8. Rxd1 Bc2 9. Re1 Nf6 10. Nc3 Bh7 11. b3 Nbd7 12. Bb2 O-O-O 13. h4 Bd6 14. Red1 Bc7 15. Na4 Rhg8 16. Rac1 Ne4 17. b4 g5 18. hxg5 hxg5 19. Nc3 Nxc3 20. Bxc3 g4 21. Nd4 Nb6 22. c5 Nd5 23. Be1 e5 24. Nb5 a6 25. Nd6+ Bxd6 26. cxd6 Nb6 27. b5 axb5 28. Ba5 Nc4 29. Bxd8 Rxd8 30. a4 Nb2 31. Rd5 bxa4 32. Rb5 a3 33. Rb3 Rxd6 34. Rxa3 Bf5 35. Rb3 Rd2 36. Kf1 Be6 37. Rb4 Rd1+ 38. Rxd1 Nxd1 39. Ke1 Nc3 40. Kd2 Nb5 41. e3 Kc7 42. f4 gxf3 43. Bxf3 Nd6 44. Rb1 c5 45. Rc1 Nc4+ 46. Kd3 0-1

[Event "World Prestigious University 2019"]
[Site "Tianjin"]
[Date "2019.11.26"]
[Round "1.17"]
[White "Tarasov, Alexandr"]
[Black "Wei, Siyu"]
[Result "0-1"]
[WhiteElo "2348"]
[BlackElo "2106"]
[PlyCount "64"]
[EventDate "2019.11.26"]
[EventType "team-tourn"]
[EventCountry "CHN"]
[TimeControl "1500+10"]
[WhiteClock "0:03:16"]
[BlackClock "0:00:26"]

1. d4 d5 2. c4 e6 3. Nc3 c6 4. cxd5 cxd5 5. Bf4 Bd6 6. e3 Nc6 7. Nf3 Nge7 8. Bd3 Ng6 9. Bxd6 Qxd6 10. O-O O-O 11. a3 Rd8 12. b4 e5 13. Bxg6 hxg6 14. b5 exd4 15. Nxd4 Ne5 16. h3 Be6 17. Qb3 g5 18. Rfd1 g4 19. Nxe6 fxe6 20. e4 d4 21. Ne2 d3 22. Nf4 Kf7 23. hxg4 g5 24. Nh3 Nxg4 25. Nxg5+ Ke7 26. Qb4 Rac8 27. Qxd6+ Rxd6 28. Nf3 Rc2 29. Ne1 Nxf2 30. Nxc2 Nxd1 31. Nb4 Nc3 32. e5 Rd8 0-1

[Event "World Prestigious University 2019"]
[Site "Tianjin"]
[Date "2019.11.26"]
[Round "1.18"]
[White "Lu, Hongyi"]
[Black "Bogachkova, Alena"]
[Result "0-1"]
[WhiteElo "1862"]
[BlackElo "2080"]
[PlyCount "72"]
[EventDate "2019.11.26"]
[EventType "team-tourn"]
[EventCountry "CHN"]
[TimeControl "1500+10"]
[WhiteClock "0:00:35"]
[BlackClock "0:00:23"]

1. e4 c5 2. Nf3 a6 3. d4 cxd4 4. Nxd4 Nf6 5. Nc3 e5 6. Nb3 Bb4 7. Bg5 h6 8. Bxf6 Bxc3+ 9. bxc3 Qxf6 10. Bc4 O-O 11. O-O Nc6 12. a4 d6 13. Bd5 Ne7 14. Na5 Rb8 15. Rb1 b6 16. Nc6 Nxc6 17. Bxc6 Qe7 18. Bd5 Qc7 19. c4 Bd7 20. c3 Bc6 21. Qb3 Rfc8 22. Rfc1 Bxd5 23. cxd5 Qc4 24. f3 b5 25. axb5 Qc5+ 26. Kf1 Rxb5 27. Qc2 Qe3 28. Rxb5 axb5 29. Rb1 Rxc3 30. Qe2 Rc1+ 31. Rxc1 Qxc1+ 32. Kf2 b4 33. Qd3 g6 34. Ke2 Qg1 35. Qb3 Qxg2+ 36. Ke3 Qg1+ 0-1

[Event "World Prestigious University 2019"]
[Site "Tianjin"]
[Date "2019.11.26"]
[Round "2.1"]
[White "TannerAustin, McNamara"]
[Black "Kukhmazov, Arsen"]
[Result "0-1"]
[WhiteElo "1983"]
[BlackElo "2377"]
[PlyCount "138"]
[EventDate "2019.11.26"]
[EventType "team-tourn"]
[EventCountry "CHN"]
[TimeControl "1500+10"]
[WhiteClock "0:04:30"]
[BlackClock "0:01:34"]

1. d4 Nf6 2. c4 c6 3. Nc3 d5 4. Nf3 dxc4 5. a4 Bf5 6. e3 e6 7. Bxc4 Bb4 8. O-O Nbd7 9. Qe2 Bg6 10. e4 O-O 11. e5 Nd5 12. Nxd5 cxd5 13. Bd3 Bh5 14. Qe3 Re8 15. Ng5 Nf8 16. Qh3 Bg6 17. Bxg6 fxg6 18. Be3 Rc8 19. Rac1 h6 20. Nf3 g5 21. Qh5 Qd7 22. h4 gxh4 23. Nxh4 Rxc1 24. Rxc1 Rc8 25. Rxc8 Qxc8 26. Qg4 Kh7 27. Qd1 Qc4 28. Qb1+ g6 29. Qc1 g5 30. Nf3 Qxc1+ 31. Bxc1 g4 32. Bd2 gxf3 33. Bxb4 Nd7 34. g4 Kg6 35. Kh2 h5 36. gxh5+ Kxh5 37. Kg3 Kg5 38. Kxf3 Nb8 39. Ke3 Nc6 40. Bd2 a6 41. f3 Ne7 42. Kd3+ Kh4 43. Be1+ Kh3 44. Bc3 Kg3 45. Ke2 Nf5 46. Be1+ Kh3 47. Bc3 Kg2 48. f4 Kg3 49. Kd3 Kxf4 50. Bd2+ Kf3 51. b3 Ne7 52. Be1 Nc6 53. a5 Na7 54. Bc3 Kf2 55. Bb2 Nb5 56. Bc1 Ke1 57. Bd2+ Kd1 58. Be3 Na7 59. Bg5 Nc6 60. Bd2 Nxd4 61. Kxd4 Kxd2 62. b4 Kc2 63. Kc5 Kc3 64. b5 axb5 65. Kb6 b4 66. Kxb7 b3 67. a6 b2 68. a7 b1=Q+ 69. Kc7 Qa2 0-1

[Event "World Prestigious University 2019"]
[Site "Tianjin"]
[Date "2019.11.26"]
[Round "2.2"]
[White "Tarasov, Alexandr"]
[Black "Lei, Sean"]
[Result "1/2-1/2"]
[WhiteElo "2348"]
[BlackElo "1895"]
[PlyCount "96"]
[EventDate "2019.11.26"]
[EventType "team-tourn"]
[EventCountry "CHN"]
[TimeControl "1500+10"]
[WhiteClock "0:00:20"]
[BlackClock "0:00:12"]

1. d4 Nf6 2. g3 d6 3. Bg2 Nbd7 4. e4 e5 5. Ne2 c6 6. O-O Be7 7. c4 O-O 8. Nbc3 b6 9. h3 Qc7 10. f4 Re8 11. g4 exd4 12. Nxd4 Nc5 13. e5 dxe5 14. fxe5 Nfd7 15. Nxc6 Bb7 16. Nd5 Qxc6 17. Nxe7+ Rxe7 18. Bxc6 Bxc6 19. b4 Ne4 20. Bb2 Nf8 21. Qd4 Rd7 22. Qe3 Rad8 23. Rf4 Ng5 24. h4 Rd3 25. Qxd3 Rxd3 26. hxg5 Ne6 27. Rf2 Nxg5 28. Re2 Rg3+ 29. Kf2 Rxg4 30. Rd1 h5 31. Rd4 Rg2+ 32. Kf1 Rg3 33. c5 Bb5 34. Bc1 Bxe2+ 35. Kxe2 bxc5 36. Rd8+ Kh7 37. bxc5 Ne6 38. Rd7 Rg2+ 39. Kf3 Rc2 40. Be3 Rxa2 41. Rxf7 Ra6 42. Re7 h4 43. Kg4 Rc6 44. Kxh4 Nxc5 45. Rxa7 Nd3 46. Re7 Kg6 47. e6 Nc5 48. Bxc5 Rxc5 1/2-1/2

[Event "World Prestigious University 2019"]
[Site "Tianjin"]
[Date "2019.11.26"]
[Round "2.3"]
[White "Zhou, Qiyu"]
[Black "Bogachkova, Alena"]
[Result "1-0"]
[WhiteElo "2216"]
[BlackElo "2080"]
[PlyCount "104"]
[EventDate "2019.11.26"]
[EventType "team-tourn"]
[EventCountry "CHN"]
[TimeControl "1500+10"]
[WhiteClock "0:00:14"]
[BlackClock "0:00:57"]

1. e4 c5 2. Nf3 Nc6 3. d4 cxd4 4. Nxd4 g6 5. Be3 Nf6 6. Nc3 Bg7 7. Bc4 O-O 8. h3 a6 9. a4 d6 10. O-O Na5 11. Ba2 b6 12. b4 Nb7 13. Rb1 Qc7 14. Nd5 Nxd5 15. exd5 Bd7 16. c4 a5 17. b5 Bxd4 18. Qxd4 Nc5 19. Bh6 f6 20. Bxf8 Rxf8 21. Bb3 Bf5 22. Rb2 h5 23. g4 hxg4 24. hxg4 Bd7 25. f3 Kg7 26. Re1 Bc8 27. Qe3 e5 28. dxe6 Bxe6 29. Rh2 g5 30. Bc2 Rh8 31. Ree2 Rxh2 32. Rxh2 Bg8 33. Qe8 Qf7 34. Re2 Qxe8 35. Rxe8 Bxc4 36. Rb8 Kf7 37. Rxb6 Ke6 38. Rb8 d5 39. Rc8 Nb7 40. Kf2 Ke5 41. Rc7 Nd8 42. Ra7 d4 43. Rxa5 d3 44. Bd1 Nb7 45. Ra7 Nd6 46. Ke3 Kd5 47. Rc7 Ne8 48. Re7 Nd6 49. f4 gxf4+ 50. Kxf4 Kc5 51. Rd7 Bd5 52. Rd8 Bc4 1-0

[Event "World Prestigious University 2019"]
[Site "Tianjin"]
[Date "2019.11.26"]
[Round "2.4"]
[White "Green, Michael L"]
[Black "Weichao, Chu"]
[Result "0-1"]
[WhiteElo "2073"]
[BlackElo "2423"]
[PlyCount "138"]
[EventDate "2019.11.26"]
[EventType "team-tourn"]
[EventCountry "CHN"]
[TimeControl "1500+10"]
[WhiteClock "0:02:12"]
[BlackClock "0:01:30"]

1. Nf3 Nf6 2. c4 c5 3. Nc3 Nc6 4. d4 cxd4 5. Nxd4 g6 6. e4 Bg7 7. Be3 Ng4 8. Qxg4 Nxd4 9. O-O-O Nc6 10. Nd5 O-O 11. Qh4 Qa5 12. Kb1 e6 13. Nf6+ Bxf6 14. Qxf6 Qe5 15. Qxe5 Nxe5 16. Be2 f6 17. f4 Nc6 18. h4 h6 19. f5 exf5 20. Bxh6 Re8 21. Rd6 Kh7 22. h5 Kxh6 23. hxg6+ Kg7 24. exf5 Rxe2 25. Rh7+ Kg8 26. Rxf6 Re7 27. Rf8+ Kxf8 28. f6 Rg7 29. Rxg7 d6 30. Rh7 Be6 31. Rh8+ Bg8 32. f7 Kg7 33. fxg8=Q+ Rxg8 34. Rh7+ Kxg6 35. Rxb7 Rg7 36. Rxg7+ Kxg7 37. Kc2 Kf6 38. Kc3 Ke5 39. b4 Nd8 40. a4 Ne6 41. b5 Nc5 42. a5 Ke4 43. Kb4 Kd4 44. b6 a6 45. g4 Ke5 46. Kc3 Nb7 47. Kb4 Kf4 48. Kc3 Ke5 49. Kb4 Ke4 50. g5 Kf5 51. Kc3 Kxg5 52. Kd4 Kf6 53. Kd5 Ke7 54. c5 dxc5 55. Kc6 Nxa5+ 56. Kxc5 Kd7 57. b7 Nxb7+ 58. Kb6 a5 59. Kb5 Kc7 60. Ka4 Kb6 61. Kb3 Kb5 62. Ka3 Nc5 63. Kb2 Kb4 64. Ka2 Nd3 65. Kb1 Kb3 66. Ka1 Nb4 67. Kb1 Nc2 68. Kc1 a4 69. Kb1 a3 0-1

[Event "World Prestigious University 2019"]
[Site "Tianjin"]
[Date "2019.11.26"]
[Round "2.5"]
[White "Wei, Siyu"]
[Black "Zhong, Wei"]
[Result "1-0"]
[WhiteElo "2106"]
[BlackElo "1804"]
[PlyCount "57"]
[EventDate "2019.11.26"]
[EventType "team-tourn"]
[EventCountry "CHN"]
[TimeControl "1500+10"]
[WhiteClock "0:00:18"]
[BlackClock "0:05:40"]

1. d4 d5 2. Nf3 Nf6 3. Bg5 e6 4. e3 c6 5. Bd3 Nbd7 6. O-O Be7 7. Nbd2 O-O 8. c4 Re8 9. Rc1 a6 10. h3 Nf8 11. Qc2 Ng6 12. Ne5 Nd7 13. Bxe7 Qxe7 14. f4 Ngf8 15. e4 Nf6 16. Rce1 dxe4 17. Nxe4 Nxe4 18. Rxe4 Qd6 19. c5 Qd8 20. Qf2 Nd7 21. Bb1 Nf6 22. Re2 Qd5 23. g4 Rd8 24. g5 Ne8 25. Rd1 f6 26. Be4 Qxa2 27. Qh4 f5 28. g6 Qa4 29. gxh7+ 1-0

[Event "World Prestigious University 2019"]
[Site "Tianjin"]
[Date "2019.11.26"]
[Round "2.6"]
[White "Serbanescu, Diana-Maria"]
[Black "Lu, Hongyi"]
[Result "0-1"]
[WhiteElo "1990"]
[BlackElo "1862"]
[PlyCount "102"]
[EventDate "2019.11.26"]
[EventType "team-tourn"]
[EventCountry "CHN"]
[TimeControl "1500+10"]
[WhiteClock "0:00:39"]
[BlackClock "0:00:35"]

1. e4 e6 2. d4 d5 3. Nc3 Nf6 4. e5 Nfd7 5. f4 c5 6. Nf3 Nc6 7. Be3 a6 8. Qd2 b5 9. Be2 Qb6 10. O-O cxd4 11. Nxd4 Bc5 12. Rad1 O-O 13. Bf3 Nxd4 14. Bxd4 Bb7 15. Ne2 Rac8 16. Kh1 b4 17. Bxc5 Qxc5 18. Nd4 a5 19. Be2 Rfe8 20. Bg4 g6 21. Rfe1 Qb6 22. Bf3 Nc5 23. b3 Ne4 24. Bxe4 dxe4 25. h3 Rc3 26. Re3 Rc7 27. Qf2 Rd8 28. Re2 Rc3 29. Kh2 Rdc8 30. Re3 Rxe3 31. Qxe3 Rc3 32. Qe2 Rc5 33. Qe3 Bd5 34. Ne2 Qc7 35. Nd4 Qb6 36. Ne2 Qc7 37. Nd4 Qb6 38. Rd2 Rc3 39. Qe1 e3 40. Rd1 Qb7 41. Qe2 Be4 42. Ra1 Qb6 43. Rd1 Qc5 44. Nf3 Rxc2 45. Rd8+ Kg7 46. Qf1 Bxf3 47. Qxf3 e2 48. Qe4 Qc3 49. Rg8+ Kxg8 50. Qa8+ Kg7 51. Qd8 Qc8 0-1

[Event "World Prestigious University 2019"]
[Site "Tianjin"]
[Date "2019.11.26"]
[Round "2.7"]
[White "Wang, Yue"]
[Black "Isakov, Michael"]
[Result "1/2-1/2"]
[WhiteElo "2674"]
[BlackElo "2162"]
[PlyCount "82"]
[EventDate "2019.11.26"]
[EventType "team-tourn"]
[EventCountry "CHN"]
[TimeControl "1500+10"]
[WhiteClock "0:02:41"]
[BlackClock "0:02:38"]

1. Nf3 d5 2. g3 Nf6 3. Bg2 e6 4. c4 Be7 5. d4 O-O 6. Nc3 b6 7. O-O Bb7 8. cxd5 exd5 9. Ne5 Nbd7 10. Qa4 a6 11. Nxd7 Nxd7 12. Nxd5 Bd6 13. Rd1 Re8 14. Qc2 Rb8 15. Nc3 Bxg2 16. Kxg2 b5 17. e4 Nb6 18. f3 Qc8 19. Be3 Nc4 20. Bf2 Re6 21. b3 Rh6 22. h4 Bxg3 23. Kxg3 Rbb6 24. bxc4 Rxh4 25. Kxh4 Rh6+ 26. Kg3 Qh3+ 27. Kf4 Rf6+ 28. Ke3 Rxf3+ 29. Kd2 Qh6+ 30. Ke2 Rxf2+ 31. Kxf2 Qh2+ 32. Kf3 Qh3+ 33. Ke2 Qh2+ 34. Kd3 Qh3+ 35. Kd2 Qh6+ 36. Ke2 Qh2+ 37. Kf3 Qh3+ 38. Kf4 Qh4+ 39. Ke3 Qh3+ 40. Ke2 Qh2+ 41. Kd3 Qh3+ 1/2-1/2